 Dungeon Crawl Stone Soup version 0.31-a0-799-g6bc09d010c (webtiles) character file.

Game seed: 9069556304362997548

1141 Dittersdorf the Trooper (level 8, -2/51 HPs)
             Began as a Gargoyle Fighter on Sept 19, 2023.
             Slain by a wraith (9 damage)
             ... on level 5 of the Dungeon.
             The game lasted 00:05:45 (5326 turns).

Dittersdorf the Trooper (Gargoyle Fighter)          Turns: 5326, Time: 00:05:45

Health: -2/51      AC: 13    Str: 22    XL:     8   Next: 37%
Magic:  8/8        EV:  9    Int: 15    God:
Gold:   269        SH:  7    Dex:  9    Spells: 7/7 levels left

rFire   . . .        a - +0 flail
rCold   . . .        e - +2 buckler {rN+}
rNeg    + + .        b - +0 scale mail
rPois   ∞            (no helmet)
rElec   +            (no cloak)
rCorr   .            (no gloves)
SInv    .            (no boots)
Will    .....        (no amulet) Stlth
                     o - +6 ring of intelligence
HPRegen 0.28/turn    (no ring)
MPRegen 0.11/turn

%: no passive effects
@: slowed, very slow
A: sickness immunity, AC +5, negative energy resistance 1, electricity
resistance, torment resistance 1, petrification resistance
a: no special abilities


You were on level 5 of the Dungeon.
You visited 1 branch of the dungeon, and saw 5 of its levels.

You collected 269 gold pieces.

Inventory:

Hand Weapons
 a - a +0 flail (weapon)
Missiles
 j - 3 throwing nets
Armour
 b - a +0 scale mail (worn)
 e - a +2 buckler of positive energy (worn)
 g - a +0 plate armour
Jewellery
 o - a +6 ring of intelligence (left hand)
Wands
 c - a wand of paralysis (6)
 h - a wand of mindburst (13) (quivered)
 p - a wand of light (12)
Scrolls
 f - 3 scrolls of enchant armour
 k - a scroll of fog
 l - 2 scrolls of teleportation
 n - a scroll of fear
 q - 3 scrolls of identify
Potions
 d - a potion of might
 i - a potion of heal wounds
 m - a potion of ambrosia


   Skills:
 + Level 6.2 Fighting
 + Level 5.1 Maces & Flails
 + Level 6.2 Armour
 + Level 6.2 Shields


You had 7 spell levels left.
You didn't know any spells.
Your spell library contained the following spells:

 Spells                   Type           Power      Damage    Failure   Level
 Summon Small Mammal      Summ           0%         N/A       61%         1
 Static Discharge         Conj/Air       0%         2-2/arc   75%         2
 Call Canine Familiar     Summ           0%         N/A       93%         3
 Summon Guardian Golem    Hex/Summ       0%         N/A       93%         3
 Airstrike                Air            0%         2d(0-16)  100%        4
 Summon Lightning Spire   Summ/Air       0%         N/A       100%        4


Dungeon Overview and Level Annotations

Branches:
Dungeon (5/15)
 Temple: D:4-7

Altars:
Cheibriados
Sif Muna

Annotations:
D:4 3 runed translucent doors, Age's ghost, amateur MiFi


Innate Abilities, Weirdness & Mutations

You are immune to sickness and miasma.
Your stone body is resilient. (AC +5)
You are immune to poison.
You resist negative energy. (rN+)
You are resistant to electric shocks. (rElec)
You are resistant to unholy torment.
You are immune to petrification.


Message History

You closely miss the wraith.
The wraith is severely damaged.
The wraith hits you but does no damage.
You barely miss the wraith.
The wraith is severely damaged.
The wraith hits you but does no damage. x2
You hit the wraith.
The wraith is severely damaged.
The wraith hits you but does no damage. You block the wraith's attack.
You hit the wraith but do no damage.
The wraith is severely damaged.
The wraith hits you.
* * * LOW HITPOINT WARNING * * *
The wraith drains your vigour!
You feel as though you will be slow longer.
You hit the wraith.
The wraith is almost destroyed.
The wraith hits you but does no damage. The wraith hits you.
* * * LOW HITPOINT WARNING * * *
The wraith drains your vigour!
You feel as though you will be slow longer.
You closely miss the wraith.
The wraith is almost destroyed.
You block the wraith's attack. The wraith hits you but does no damage.
You barely miss the wraith.
The wraith is almost destroyed.
The wraith closely misses you. x2
You barely miss the wraith.
The wraith is almost destroyed.
The wraith closely misses you.
You hit the wraith but do no damage.
The wraith is almost destroyed.
You block the wraith's attack. The wraith hits you but does no damage.
You barely miss the wraith.
The wraith is almost destroyed.
The wraith hits you but does no damage. x2
You closely miss the wraith.
The wraith is almost destroyed.
The wraith hits you!
You die...

####.# #..............#
#.#.# .....#
##.###...#.#.#..# #.#.#
###### #.# ##.##....#.#
#.#.# #.#
#......##.#####.#.#
#####.##
##.##............#.#
#<....[###.####...#.##....♣
#.###......#.............♣♣
. #.#
#.<#............##.##♣ ..
#.# #..#####W@.........#
####.###..#####............
.....................###..#
#.##...#...........### #..#
##.#.#.##.####.##.## #..#
.....#.##.# #.##.#
##.###.##.# #.##.# . #.##
#.##.# #.#..# .# .## #.##.#
#....######.###


You could see a wraith.

Vanquished Creatures
  An orc warrior (D:4)
  A phantom (D:4)
  A kobold brigand (D:4)
  2 scorpions
  4 hounds
  An orc priest (D:3)
  A wyvern simulacrum (D:5)
  6 iguanas
  3 jellies (D:2)
  A sleepcap (D:5)
  4 orc wizards
  9 gnolls
  4 adders
  A worm (D:4)
  4 dart slugs
  9 orcs
  8 ball pythons
  5 bats
  14 endoplasms
  2 giant cockroaches
  5 goblins
  9 hobgoblins
  3 quokkas
  4 frilled lizards
  9 kobolds
  6 rats
117 creatures vanquished.

Notes
Turn   | Place    | Note
-------+----------+-------------------------------------------
     0 | D:1      | Dittersdorf the Gargoyle Fighter began the quest for the
                  | Orb.
     0 | D:1      | Reached XP level 1. HP: 14/14 MP: 1/1
   202 | D:1      | Reached XP level 2. HP: 19/19 MP: 2/2
   443 | D:1      | Reached XP level 3. HP: 19/23 MP: 3/3
   875 | D:2      | Reached XP level 4. HP: 26/29 MP: 4/4
   903 | D:2      | Reached XP level 5. HP: 25/33 MP: 5/5
  1074 | D:2      | Found a faded altar of an unknown god.
  2498 | D:3      | Reached XP level 6. HP: 16/39 MP: 6/6
  3023 | D:4      | Reached skill level 5 in Fighting
  3023 | D:4      | Reached skill level 5 in Armour
  3023 | D:4      | Reached skill level 5 in Shields
  3023 | D:4      | Reached XP level 7. HP: 15/44 MP: 7/7
  3658 | D:4      | Found a runed translucent gate.
  3658 | D:4      | Found a runed translucent gate.
  3660 | D:4      | Found a runed translucent gate.
  3665 | D:4      | Noticed Age's ghost (amateur MiFi)
  3943 | D:5      | Entered Level 5 of the Dungeon
  4272 | D:5      | Reached XP level 8. HP: 48/51 MP: 8/8
  4312 | D:5      | Noticed a wraith
  4804 | D:5      | Identified a scroll of acquirement
  4805 | D:5      | Acquired a +2 buckler of positive energy
  4822 | D:5      | Found a shimmering blue altar of Sif Muna.
  4860 | D:5      | Found a snail-covered altar of Cheibriados.
  4972 | D:5      | Reached skill level 5 in Maces & Flails
  5326 | D:5      | Slain by a wraith

Illustrated notes

Levels and vault maps discovered:
D:1:      lemuel_arrival_cross, layout_rooms, minmay_misc_feat_plants,
          kennysheep_pointless_box
D:2:      cheibrodos_fertilizer, layout_basic,
          hellmonk_ecumenical_altar_heavens_door
D:3:      layout_loops_ring
D:4:      layout_cave_pods, gammafunk_ghost_necromancy, cheibrodos_gnoll_hut
D:5:      layout_loops_ring, nicolae_sif_muna_condensation,
          kennysheep_slug_shrine, dilly_guarded_unrand_morg

Skill      XL: |  1  2  3  4  5  6  7  8 |
---------------+-------------------------+-----
Fighting       | 4 5 6 |  6.2
Armour         | 4 5 6 |  6.2
Shields        | 4 5 6 |  6.2
Maces & Flails | 3 4 5 |  5.1

Action                     |  1- 3 |  4- 6 |  7- 9 || total
---------------------------+-------+-------+-------++-------
  Melee: Flail             |   123 |   159 |   245 ||   527
  Evoke: Wand              |       |     1 |     4 ||     5
    Use: Scroll            |       |     9 |     2 ||    11
   Stab: Distracted        |       |     1 |       ||     1
 Armour: Scale mail        |    90 |   125 |   189 ||   404
  Dodge: Dodged            |    61 |    75 |   108 ||   244
  Block: Buckler           |    26 |    23 |    72 ||   121

Table legend: (Time is in decaauts)
 A = Elapsed time spent in this place.
 B = Non-inter-level travel time spent in this place.
 C = Inter-level travel time spent in this place.
 D = Time resting spent in this place.
 E = Time spent auto-exploring this place.
 F = Levels seen in this place.
 G = Mean time per level.
                   A        B        C        D        E       F      G
               +--------+--------+--------+--------+--------+-----+--------+
         Total |   5481 |   5288 |    193 |    647 |   3461 |   5 | 1096.2 |
       Dungeon |   5481 |   5288 |    193 |    647 |   3461 |   5 | 1096.2 |
               +--------+--------+--------+--------+--------+-----+--------+

Top non-repeatable levels by time:
     D:4: 1479 daAuts
     D:2: 1435 daAuts
     D:5: 1085 daAuts
     D:3: 815 daAuts
     D:1: 665 daAuts
